 Dungeon Crawl Stone Soup version 0.17-a0-2064-g265a032 (webtiles) character file.

829 pk666 the Cleaver (level 7, -3/57 HPs)
             Began as a Minotaur Fighter on Oct 13, 2015.
             Slain by pk666's ghost (14 damage)
             ... on level 4 of the Dungeon.
             The game lasted 00:09:59 (3853 turns).

pk666 the Cleaver (Minotaur Fighter)                Turns: 3853, Time: 00:09:59

Health: -3/57      AC:  8    Str: 21    XL:     7   Next: 65%
Magic:  6/6        EV:  7    Int:  5    God:
Gold:   256        SH:  9    Dex: 11    Spells: 0 memorised, 6 levels left

rFire  . . .     SeeInvis .     a - +0 war axe
rCold  . . .     Clarity  .     b - +0 scale mail
rNeg   . . .     SustAt   .     c - +0 shield
rPois  .         Gourm    .     (helmet restricted)
rElec  .         Spirit   .     s - +0 cloak (curse)
rCorr  .         Warding  .     (no gloves)
rMut   .         Stasis   .     (no boots)
MR     .....                    (no amulet)
Stlth  ..........               (no ring)
                                (no ring)

@: not resistant to hostile enchantments, extremely unstealthy
A: retaliatory headbutt, horns 2
a: no special abilities


You were on level 4 of the Dungeon.
You were not hungry.

You visited 1 branch of the dungeon, and saw 4 of its levels.

You collected 256 gold pieces.

Inventory:

Hand Weapons
 a - a +0 war axe (weapon)
Armour
 b - a +0 scale mail (worn)
 c - a +0 shield (worn)
 h - a +0 cloak
 s - a cursed +0 cloak (worn)
Jewellery
 p - an uncursed amulet of clarity {unknown}
Wands
 w - a wand of fireball (9)
Scrolls
 f - a scroll of blinking {unknown}
 k - a scroll of fog {unknown}
 m - a scroll of random uselessness {unknown}
 n - 4 scrolls of remove curse {unknown}
 t - a scroll of magic mapping {unknown}
 u - a scroll of identify {unknown}
 v - a scroll of noise {unknown}
 y - a scroll of amnesia {unknown}
Potions
 d - a potion of might
 e - 2 potions of poison {unknown}
 g - a potion of heal wounds {unknown}
 j - a potion of ambrosia {unknown}
 l - 3 potions of curing {unknown}
 o - a potion of haste {unknown}
 r - 2 potions of lignification {unknown}
Books
 z - a book of Beasts

   Spells                             Type                      Level
   a - Summon Butterflies             Summoning                    1
   b - Call Canine Familiar           Summoning                    3
   c - Summon Ice Beast               Ice/Summoning                4
   d - Summon Mana Viper              Hexes/Summoning              5
   e - Summon Hydra                   Summoning                    7
Comestibles
 i - 4 meat rations
 q - a chunk of flesh
 x - 4 bread rations


   Skills:
 - Level 3.6 Fighting
 + Level 10.5 Axes
 - Level 3.6 Armour
 - Level 3.6 Shields


You had 6 spell levels left.
You didn't know any spells.

Dungeon Overview and Level Annotations

Branches:
Dungeon (4/15)
 Temple: D:4-7

Altars:
Ru

Annotations:
D:4 pk666's ghost, novice MiFi


Innate Abilities, Weirdness & Mutations

You reflexively headbutt those who attack you in melee.
You have a pair of horns on your head.


Message History

You block pk666's ghost's attack.
You hit pk666's ghost but do no damage.
Pk666's ghost is severely damaged.
Pk666's ghost hits you. Pk666's ghost closely misses you.
Your shield and scale mail prevent you from hitting pk666's ghost.
Pk666's ghost is severely damaged.
Pk666's ghost hits you!
* * * LOW HITPOINT WARNING * * *
You hit pk666's ghost but do no damage.
You headbutt pk666's ghost, but do no damage.
Pk666's ghost is severely damaged.
You block pk666's ghost's attack.
You hit pk666's ghost but do no damage.
Pk666's ghost is severely damaged.
Pk666's ghost hits you.
* * * LOW HITPOINT WARNING * * *
Your shield prevents you from hitting pk666's ghost.
Pk666's ghost is severely damaged.
Pk666's ghost hits you!
You die...

### ######
##### .....>..
.....#
#.#.(.##..##.#
#..W#.........
#@...# #.#
...#####....#
#.####
............#
#....#
...#####....#
#.##.#
##...#####.#
.. #.#..><...#
## #.####.##.#
#.# #.##.# #.#
#.##.#


You could see pk666's ghost.

Vanquished Creatures
  Grinder (D:3)
  A gnoll sergeant (D:3)
  A gnoll shaman (D:3)
  41 gnolls (D:3)
  2 adders (D:2)
  5 oozes
  2 worms
  2 giant geckos
  5 orcs (D:3)
  A ball python (D:2)
  8 bats
  6 giant cockroaches
  9 hobgoblins
  17 jackals
  4 kobolds
  2 quokkas
  3 giant newts
  8 goblins
  8 rats
126 creatures vanquished.

Notes
Turn   | Place    | Note
--------------------------------------------------------------
     0 | D:1      | pk666 the Minotaur Fighter began the quest for the Orb.
     0 | D:1      | Reached XP level 1. HP: 19/19 MP: 0/0
   147 | D:1      | Reached XP level 2. HP: 26/26 MP: 1/1
   337 | D:1      | Reached skill level 4 in Axes
   623 | D:1      | Reached XP level 3. HP: 27/31 MP: 2/2
  1039 | D:2      | Reached skill level 5 in Axes
  1274 | D:2      | Reached XP level 4. HP: 31/39 MP: 3/3
  1875 | D:3      | Noticed Grinder
  1901 | D:3      | Killed Grinder
  1901 | D:3      | Reached skill level 7 in Axes
  1901 | D:3      | Reached XP level 5. HP: 11/45 MP: 4/4
  1901 | D:3      | Reached XP level 6. HP: 12/51 MP: 5/5
  2157 | D:3      | Reached skill level 8 in Axes
  2208 | D:3      | Found a sacrificial altar of Ru.
  2987 | D:3      | Reached skill level 9 in Axes
  3022 | D:3      | Reached XP level 7. HP: 48/57 MP: 6/6
  3469 | D:3      | Reached skill level 10 in Axes
  3838 | D:4      | Noticed pk666's ghost (novice MiFi)
  3853 | D:4      | Slain by pk666's ghost

Vault maps used:
D:1:      elethiomel_arrival_shortcut, minmay_box_of_dots
D:2:      serial_bayou_pond_a
D:3:      lemuel_castle_with_subvaults, nicolae_ru_sacrificial_ziggurat,
          first_bread, amalloy_card_club, uniq_grinder
D:4:      kennysheep_mini, serial_bayou_pond_d, hangedman_decor_opposing

Action                   |  1- 3 |  4- 6 |  7- 9 || total
-------------------------+-------+-------+-------++-------
Melee: War axe           |    73 |   146 |   101 ||   320
  Eat: Chunk             |     1 |     6 |     3 ||    10
